 Dungeon Crawl Stone Soup version 0.27-a0-789-g6bb3289e1e (webtiles) character file.

Game seed: 17884816354357090839

90 robertstho the Shooter (level 4, 0/37 HPs)
             Began as a Minotaur Hunter on Mar 26, 2021.
             Succumbed to an adder's poison
             ... on level 2 of the Dungeon.
             The game lasted 00:01:22 (1465 turns).

robertstho the Shooter (Minotaur Hunter)            Turns: 1465, Time: 00:01:23

Health: 0/37       AC:  3    Str: 24    XL:     4   Next: 32%
Magic:  12/12      EV: 12    Int:  8    God:
Gold:   29         SH:  0    Dex: 10    Spells: 3/3 levels left

rFire    . . .     SeeInvis .   g - +0 dagger (protect)
rCold    . . .     Faith    .   (no shield)
rNeg     . . .     Spirit   .   c - +0 leather armour
rPois    .         Reflect  .   (helmet restricted)
rElec    .         Harm     .   (no cloak)
rCorr    .         Rampage  .   (no gloves)
Will     .....                  (no boots)
Stlth    +.........             (no amulet)
HPRegen  0.12/turn              k - ring of magical power
MPRegen  0.13/turn              l - +6 ring of strength

@: lethally poisoned (0 -> -17)
A: horns 2, retaliatory headbutt
a: no special abilities


You were on level 2 of the Dungeon.
You visited 1 branch of the dungeon, and saw 2 of its levels.

You collected 29 gold pieces.

Inventory:

Hand Weapons
 a - a +1 shortbow
 b - a +0 short sword
 g - a +0 dagger of protection (weapon)
 j - a +2 dagger of speed
Missiles
 d - 33 arrows
Armour
 c - a +0 leather armour (worn)
Jewellery
 k - a ring of magical power (right hand)
 l - a +6 ring of strength (left hand)
Scrolls
 e - a scroll of teleportation {unknown}
 h - a scroll of silence {unknown}
 m - a scroll of identify {unknown}
Potions
 i - a potion of flight {unknown}


   Skills:
 * Level 2.8 Fighting
 + Level 0.7 Short Blades
 * Level 5.9 Bows
 + Level 1.1 Armour
 + Level 2.4 Dodging
 - Level 0.7 Stealth


You had 3 spell levels left.
You didn't know any spells.
Your spell library was empty.

Dungeon Overview and Level Annotations

Branches:
Dungeon (2/15)

Altars:


Innate Abilities, Weirdness & Mutations

You have a pair of horns on your head.
You reflexively headbutt those who attack you in melee.


Message History

You feel sick. The adder barely misses you.
You barely miss the adder.
The adder is severely wounded.
You feel sick. The adder misses you. You furiously retaliate!
You headbutt the adder, but do no damage.
You closely miss the adder.
The adder is severely wounded.
You feel sick.
You are no longer poisoned.
The adder bites you.
You miss the adder. Your headbutt misses the adder.
The adder is severely wounded.
A bat comes into view.
The adder barely misses you. The adder bites you.
You are poisoned.
The adder poisons you!
You are too injured to fight recklessly!
You are too injured to fight recklessly!
You are too injured to fight recklessly!
You are too injured to fight recklessly!
You closely miss the adder.
The adder is severely wounded.
You feel very sick. The adder bites you.
* * * LOW HITPOINT WARNING * * *
You are lethally poisoned!
The adder poisons you!
It was a potion of curing.
You feel better. The adder bites you. The bat barely misses you.
You completely miss the adder.
The adder is heavily wounded.
The bat closely misses you. The adder bites you.
You are poisoned.
The adder poisons you! The adder bites you.
* * * LOW HITPOINT WARNING * * *
You are lethally poisoned!
The adder poisons you!
You miss the adder.
The adder is heavily wounded.
You die...

######### ##.......#
.........# ....$..S.#
.......@#
#.......################
+.......>..............#
#.....b.#############.##
#.......# #.# #.......#
#.# ........# #.#
........# #.# .########
#.#


You could see an adder and a bat.

Vanquished Creatures
  Natasha (twice) (D:2)
  3 dart slugs
  3 bats (D:1)
  5 endoplasms
  7 goblins
  2 hobgoblins
  2 jackals (D:2)
  2 kobolds (D:2)
  A quokka (D:1)
  2 ball pythons
  2 frilled lizards
  2 rats (D:1)
33 creatures vanquished.

Notes
Turn   | Place    | Note
-------+----------+-------------------------------------------
     0 | D:1      | robertstho the Minotaur Hunter began the quest for the Orb.
     0 | D:1      | Reached XP level 1. HP: 18/18 MP: 0/0
   419 | D:1      | Reached XP level 2. HP: 25/25 MP: 1/1
   428 | D:1      | Reached skill level 5 in Bows
  1053 | D:2      | Noticed Natasha
  1067 | D:2      | Noticed a crimson imp
  1068 | D:2      | Killed Natasha
  1069 | D:2      | Reached XP level 3. HP: 19/30 MP: 2/2
  1199 | D:2      | Noticed Natasha
  1204 | D:2      | Killed Natasha
  1205 | D:2      | Reached skill level 1 in Armour
  1205 | D:2      | Reached XP level 4. HP: 25/37 MP: 3/3
  1465 | D:2      | Succumbed to an adder's poison

Illustrated notes

Levels and vault maps discovered:
D:1:      minmay_arrival_four_houses, layout_basic
D:2:      layout_basic, good_gods_temple_1, lemuel_zombie_altar_yredelemnul,
          minmay_misc_feat_cross, serial_bayou_ford_a, minmay_tall_x,
          uniq_natasha

Skill      XL: |  1  2  3 |
---------------+----------+-----
Bows           | 5 |  5.9
Armour         | 1 |  1.1
Fighting       | |  2.8
Short Blades   | |  0.7
Dodging        | |  2.4
Stealth        | |  0.7

Action                   |  1- 3 |  4- 6 || total
-------------------------+-------+-------++-------
Melee: Dagger            |    64 |    24 ||    88
       Headbutt          |    10 |     1 ||    11
 Fire: Shortbow          |     7 |       ||     7
  Use: Potion            |       |     1 ||     1
 Stab: Sleeping          |     1 |       ||     1
Armor: Leather armour    |    29 |     8 ||    37
Dodge: Dodged            |    40 |    11 ||    51

Table legend: (Time is in decaauts)
 A = Elapsed time spent in this place.
 B = Non-inter-level travel time spent in this place.
 C = Inter-level travel time spent in this place.
 D = Time resting spent in this place.
 E = Time spent auto-exploring this place.
 F = Levels seen in this place.
 G = Mean time per level.
                   A        B        C        D        E       F      G
               +--------+--------+--------+--------+--------+-----+--------+
         Total |   1470 |   1444 |     26 |      0 |   1271 |   2 |  735.0 |
       Dungeon |   1470 |   1444 |     26 |      0 |   1271 |   2 |  735.0 |
               +--------+--------+--------+--------+--------+-----+--------+

Top non-repeatable levels by time:
     D:1: 1052 daAuts
     D:2: 418 daAuts
